 Dungeon Crawl Stone Soup version 0.31-a0-1074-g0b22e4e0f1 (webtiles) character file.

Game seed: 15091518042920626891

3013 lunkers the Martial Artist (level 10, -5/106 HPs)
             Began as a Meteoran Shapeshifter on Nov 29, 2023.
             Was a Believer of Makhleb.
             Slain by a killer bee (6 damage)
             ... on level 8 of the Dungeon.
             The game lasted 00:11:22 (3520 turns).

lunkers the Martial Artist (Meteoran Shapeshifter)  Turns: 3520, Time: 00:11:22

Health: -5/106     AC:  8    Str: 17    XL:     10   Next: 31%
Magic:  11/11      EV: 11    Int: 12    God:    Makhleb [**....]
Gold:   318        SH:  0    Dex: 17    Spells: 9/9 levels left

rFire   . .          .
                       - Unarmed
rCold   . . .        (shield currently unavailable)
rNeg    . . .        m - +0 ring mail
rPois   .            (no helmet)
rElec   .            p - +0 cloak {Will+}
rCorr   .            b - +0 pair of gloves
SInv    +            y - +0 pair of boots
Will    +++..        (no amulet) Stlth
                     u - ring of willpower
HPRegen 0.37/turn    r - ring of see invisible
MPRegen 0.12/turn

%: no passive effects
@: berserking (expiring), lethally poisoned (-5 -> -20), flux-form, glowing,
very quick
A: glow, contaminating, sense surroundings 2, otherworldly, glowing, explore
regen
a: Begin Untransformation, Renounce Religion, Minor Destruction


You were on level 8 of the Dungeon.
You worshipped Makhleb.
Makhleb was pleased with you.
You were something dangerously unstable.
You visited 1 branch of the dungeon, and saw 8 of its levels.
You also visited: Sewer.

You collected 318 gold pieces.

Inventory:

Missiles
 B - 2 throwing nets
Armour
 a - a +0 animal skin
 b - a +0 pair of gloves (worn)
 g - a +0 cloak
 m - a +0 ring mail (worn)
 p - a +0 cloak of willpower (worn)
 y - a +0 pair of boots (worn)
Jewellery
 q - a ring of ice
 r - a ring of see invisible (right hand)
 u - a ring of willpower (left hand)
 A - an amulet of faith
Talismans
 c - a beast talisman
 d - a flux talisman (active)
Wands
 h - a wand of flame (14)
Scrolls
 e - 3 scrolls of revelation
 k - 3 scrolls of teleportation
Potions
 f - 4 potions of heal wounds
 i - a potion of enlightenment {unknown}
 j - 2 potions of attraction
 l - 6 potions of might
 n - a potion of invisibility {unknown}
 o - a potion of ambrosia {unknown}
 s - a potion of berserk rage
 t - 2 potions of mutation
 v - a potion of haste {unknown}
 w - a potion of resistance {unknown}
 x - 2 potions of curing
 z - a potion of brilliance {unknown}


   Skills:
 - Level 1.1 Fighting
 - Level 2.1 Dodging
 * Level 13.3 Unarmed Combat
 + Level 9.3 Shapeshifting


You had 9 spell levels left.
You didn't know any spells.
Your spell library contained the following spells:

 Spells                   Type           Power      Damage    Failure   Level
 Kiss of Death            Conj/Necr      0%         2d5       52%         1
 Cigotuvi's Dreadful Rot  Necr/Pois/Air  0%         N/A       67%         2
 Scorch                   Fire           0%         2d5       67%         2
 Confusing Touch          Hex            0%         N/A       88%         3
 Volatile Blastmotes      Fire/Tloc      0%         2d10      88%         3
 Dispel Undead            Necr           0%         3d6       99%         4
 Flame Wave               Conj/Fire      0%         2d4       99%         4
 Fulminant Prism          Conj/Hex       0%         3d5       99%         4
 Iskenderun's Mystic Bla  Conj/Tloc      0%         2d3       99%         4
 Death Channel            Necr           0%         N/A       100%        6
 Summon Cactus Giant      Summ           0%         N/A       100%        6


Dungeon Overview and Level Annotations

Branches:
Dungeon (8/15) Zot: 1706   Temple (0/1) D:5           Sewer (visited)
   Lair: D:8-11

Altars:
Cheibriados
Makhleb
Nemelex Xobeh
Okawaru
Ru
Vehumet


Innate Abilities, Weirdness & Mutations

You are something dangerously unstable.
You glow with magical radiation, making you easy to see and hit.
Foes you strike become dangerously contaminated with magical radiation.
You are incapable of wielding weapons or throwing items.
You passively map the area around you.
You are easily found by Zot.
You glow in the dark.
You regain HP and MP as you explore.


Message History

You are more poisoned.
The killer bee poisons you!
You punch the killer bee!
The killer bee glows dangerously bright.
The killer bee is heavily wounded.
You feel sick.
The centaur hits you but does no damage.
The centaur barely misses you. The killer bee closely misses you.
The killer bee stings you but does no damage.
Unknown command.
Unknown command.
You barely miss the killer bee.
The killer bee is heavily wounded.
You feel sick. The killer bee stings you.
* * * LOW HITPOINT WARNING * * *
The killer bee stings you.
* * * LOW HITPOINT WARNING * * *
You are lethally poisoned!
The killer bee poisons you! The centaur hits you.
* * * LOW HITPOINT WARNING * * *
The centaur kicks you.
* * * LOW HITPOINT WARNING * * *
Unknown command.
Unknown command.
Unknown command.
You barely miss the killer bee.
The killer bee is heavily wounded.
* * * LOW HITPOINT WARNING * * *
You feel sick. The killer bee barely misses you. The killer bee stings you.
* * * LOW HITPOINT WARNING * * *
Unknown command.
You closely miss the killer bee.
The killer bee is heavily wounded.
* * * LOW HITPOINT WARNING * * *
You feel sick. The centaur hits you.
* * * LOW HITPOINT WARNING * * *
The centaur closely misses you. The killer bee stings you.
* * * LOW HITPOINT WARNING * * *
The killer bee stings you.
You die...

, * ... , .... ,,*
#..** ,,......., *
* #..# ....... *
#... ....... ,
####...### ......#
*
.........##.....##
,
.................#
,.........yyc.....#
.......<.#p......#
*
,........y##.....##
, ** .........#
#...## ,*.........#
#### ..#..?....*
..........#* *
#.........., * ,,,,
###.....#.## , * ,


You could see a centaur and 2 killer bees.

Vanquished Creatures
  Grinder (D:3)
  A wyvern (D:8)
  3 yaks (D:6)
  Menkaure (D:4)
  A water moccasin (D:5)
  An orc warrior (D:6)
  Duvessa (D:4)
  A sky beast (D:5)
  A black bear (D:6)
  2 centaurs
  4 ogres
  A phantom (D:6)
  3 bullfrogs
  A scorpion (D:6)
  Dowan (D:4)
  2 killer bees (D:8)
  A howler monkey (D:6)
  3 hounds
  2 gnoll boudas (D:6)
  Crazy Yiuf (D:2)
  Terence (D:2)
  An iguana (D:4)
  A sleepcap (D:5)
  Natasha (D:3)
  3 orc wizards (D:4)
  6 adders
  10 gnolls
  3 river rats (Sewer)
  2 ufetubi (D:6)
  4 worms
  8 dart slugs
  12 orcs
  5 ball pythons
  5 bats
  6 endoplasms
  3 giant cockroaches
  5 goblins
  5 hobgoblins
  5 quokkas
  3 frilled lizards
  9 kobolds
  11 rats
141 creatures vanquished.

Notes
Turn   | Place    | Note
-------+----------+-------------------------------------------
     0 | D:1      | lunkers the Meteoran Shapeshifter began the quest for the
                  | Orb.
     0 | D:1      | Reached XP level 1. HP: 16/16 MP: 2/2
    49 | D:1      | Reached XP level 2. HP: 9/23 MP: 3/3
    55 | D:1      | Reached skill level 4 in Unarmed Combat
   103 | D:1      | Reached XP level 3. HP: 23/28 MP: 4/4
   459 | D:2      | Noticed Terence
   468 | D:2      | Killed Terence
   469 | D:2      | Reached skill level 5 in Unarmed Combat
   469 | D:2      | Reached XP level 4. HP: 35/35 MP: 5/5
   650 | D:2      | Found a runed translucent door.
   651 | D:2      | Noticed Crazy Yiuf
   657 | D:2      | Killed Crazy Yiuf
   658 | D:2      | Reached XP level 5. HP: 28/40 MP: 6/6
   899 | D:3      | Noticed Natasha
   903 | D:3      | Killed Natasha
   904 | D:3      | Reached skill level 6 in Unarmed Combat
   916 | D:3      | Found a snail-covered altar of Cheibriados.
   941 | D:3      | Noticed Grinder
   952 | D:3      | Paralysed by Grinder for 5 turns
   966 | D:3      | Killed Grinder
   967 | D:3      | Reached skill level 7 in Unarmed Combat
   967 | D:3      | Reached skill level 5 in Shapeshifting
   967 | D:3      | Reached XP level 6. HP: 16/47 MP: 7/7
   967 | D:3      | Reached XP level 7. HP: 18/52 MP: 8/8
  1234 | D:4      | Found a sparkling altar of Nemelex Xobeh.
  1234 | D:4      | Found a burning altar of Makhleb.
  1234 | D:4      | Found a radiant altar of Vehumet.
  1309 | D:4      | Became a worshipper of Makhleb the Destroyer
  1341 | D:4      | Found a glowing drain.
  1369 | Sewer    | Entered a sewer
  1463 | Sewer    | Reached skill level 8 in Unarmed Combat
  1499 | Sewer    | Reached * piety under Makhleb
  1821 | D:4      | Noticed Dowan
  1822 | D:4      | Noticed Duvessa
  1835 | D:4      | Killed Duvessa
  1836 | D:4      | Reached XP level 8. HP: 35/59 MP: 9/9
  1840 | D:4      | Killed Dowan
  1850 | D:4      | Found an iron altar of Okawaru.
  1941 | D:4      | Reached skill level 9 in Unarmed Combat
  2061 | D:4      | Noticed Menkaure
  2067 | D:4      | Killed Menkaure
  2230 | D:5      | Entered Level 5 of the Dungeon
  2233 | D:5      | Found a staircase to the Ecumenical Temple.
  2366 | D:5      | Found a sacrificial altar of Ru.
  2373 | D:5      | Reached skill level 10 in Unarmed Combat
  2488 | D:5      | Gained mutation: You passively map the area around you.
                  | [Meteoran growth]
  2488 | D:5      | Reached XP level 9. HP: 32/64 MP: 10/10
  2947 | D:6      | Reached skill level 11 in Unarmed Combat
  2952 | D:6      | Reached ** piety under Makhleb
  2988 | D:6      | Reached skill level 12 in Unarmed Combat
  3151 | D:6      | Reached XP level 10. HP: 56/71 MP: 11/11
  3463 | D:7      | Reached skill level 13 in Unarmed Combat
  3519 | D:8      | HP: 4/106 [killer bee (2)]
  3520 | D:8      | HP: 1/106 [killer bee (1)]
  3520 | D:8      | Slain by a killer bee

Illustrated notes

Levels and vault maps discovered:
D:1:      sevenhm_arrival_forest_fort_small_3, layout_rooms, minmay_3d_cube
D:2:      layout_basic, feat_on_display, uniq_crazy_yiuf_cottage, uniq_terence
D:3:      layout_rooms, kennysheep_slug_shrine, mainiacjoe_overflow_alcove_1,
          serial_bayou, serial_bayou_pond_a, serial_bayou_crossing,
          serial_bayou_lagoon_a, serial_bayou_ford_a, serial_bayou_pond_a,
          serial_bayou_lake_a, grunt_decor_resistance, serial_park_tiny_pond,
          uniq_grinder, uniq_natasha
D:4:      layout_loops_corners, kennysheep_little_box,
          kennysheep_okawaru_gauntlet, lemuel_round_altar,
          grunt_temple_overflow_open, portal_sewer_entry_b, uniq_menkaure,
          uniq_duvessa
D:5:      kennysheep_six_static_rooms, layout_gridville, hangedman_ru_absence,
          minmay_temple_entry_wispy, nicolae_kite_square_tiling_tiny,
          minmay_misc_feat_roman
D:6:      layout_basic, mainiacjoe_overflow_tiny_flanked
D:7:      layout_basic, mainiacjoe_overflow_catwalk, centaur_isle
D:8:      layout_rooms, pdpol_wu_jian_five_deadly_venoms

Skill      XL: |  1  2  3  4  5  6  7  8  9 10 |
---------------+-------------------------------+-----
Unarmed Combat | 4 5 7 8 10 12 13 | 13.3
Shapeshifting  | 4 5 6 7 8 9 |  9.3
Fighting       | |  1.1
Dodging        | |  2.1

Action                     |  1- 3 |  4- 6 |  7- 9 | 10-12 || total
---------------------------+-------+-------+-------+-------++-------
  Melee: Unarmed           |    80 |    63 |   320 |    56 ||   519
         Punch             |     1 |     1 |       |       ||     2
  Evoke: Wand              |       |       |       |     3 ||     3
    Use: Potion            |     1 |       |       |     1 ||     2
         Scroll            |       |     2 |    11 |       ||    13
 Armour: Animal skin       |    48 |       |       |       ||    48
         Skin              |    12 |     1 |       |       ||    13
         Ring mail         |     3 |    53 |   165 |    77 ||   298
  Dodge: Dodged            |    50 |    40 |   134 |    61 ||   285
   Form: Flux              |       |       |     1 |       ||     1

Table legend: (Time is in decaauts)
 A = Elapsed time spent in this place.
 B = Non-inter-level travel time spent in this place.
 C = Inter-level travel time spent in this place.
 D = Time resting spent in this place.
 E = Time spent auto-exploring this place.
 F = Levels seen in this place.
 G = Mean time per level.
                   A        B        C        D        E       F      G
               +--------+--------+--------+--------+--------+-----+--------+
         Total |   3545 |   3485 |     60 |     51 |   2072 |   9 |  393.9 |
       Dungeon |   3093 |   3033 |     60 |     24 |   1865 |   8 |  386.6 |
         Sewer |    452 |    452 |      0 |     27 |    206 |   1 |  452.0 |
               +--------+--------+--------+--------+--------+-----+--------+

Top non-repeatable levels by time:
     D:4: 668 daAuts
     D:5: 551 daAuts
   Sewer: 452 daAuts
     D:2: 415 daAuts
     D:1: 395 daAuts
     D:6: 393 daAuts
     D:3: 369 daAuts
     D:7: 284 daAuts
     D:8: 15 daAuts
